[Event "*** Titled Tuesday Blitz"]
[Site "Chess.com"]
[Date "2021.02.16"]
[Round "2"]
[White "harlem4brew"]
[Black "AttilaTurzo"]
[Result "0-1"]
[WhiteElo "2304"]
[BlackElo "2495"]
[TimeControl "180+1"]
[EndTime "10:20:01 PST"]
[Termination "AttilaTurzo won by resignation"]

1. d4 d5 2. Nf3 c6 3. c4 Nf6 4. Nc3 a6 5. Bg5 dxc4 6. e3 b5 7. a4 Bb7 8. Ne5 h6 9. Bh4 e6 10. Qf3 Be7 11. axb5 axb5 12. Rxa8 Bxa8 13. Bxf6 gxf6 14.
Nxf7 Kxf7 15. Qh5+ Kf8 16. Be2 Qe8 17. Qh3 f5 18.
Bh5 Qd8 19. O-O Nd7 20. e4 b4 21. Ne2 fxe4 22. Qxe6 Rh7 23. Nf4 Nf6 24. Qf5 Kg8 25.
Bg6 Rg7 26. Ne6 Qd7 27. Nxg7 Kxg7 28. Qxd7 Nxd7 29. Bxe4 Nf6 30. Bf3 Nd5 31. Rc1 c3 32. Bxd5 cxd5 33. bxc3 Kf7 34. cxb4 Bxb4 35. Ra1 Bc6 36. Rb1 Be7 37. f3 Bf6 38. Rb4 h5 39. Kf2 Bd7 40. Ke3 Bf5 41. h3 h4 42. Rb7+ Ke6 43.
Rb6+ Kf7 44. Rd6 Be6 45. Ra6 Bd7 46. Rd6 Be6 47. Rb6 Be7 48. Kf4 Bf6 49. Rb4 Bd7 50. Rb7 Ke6 51. Rb6+ Ke7 52. Ke3 Ba4 53. Rb7+ Ke6 54. f4 Bc2 55. Rb6+ Kf5 56. Rd6 Be4 57. Rd7 Bxg2 58. Rd6 Be4 59. Rd7 Bg2 60. Rd6 Be7 61. Rd7 Ke6 62. Ra7 Bxh3 63. Ra6+ Bd6 64. Kf3 Bf5 65. Ra7 Be7 66. Ra6+ Kf7 67. Rh6 Bf6 68. Rh5 Kg6 0-1

[Event "*** Titled Tuesday Blitz"]
[Site "Chess.com"]
[Date "2021.02.16"]
[Round "2"]
[White "starplatinum2030"]
[Black "albi1999"]
[Result "0-1"]
[WhiteElo "2132"]
[BlackElo "2608"]
[TimeControl "180+1"]
[EndTime "10:20:03 PST"]
[Termination "albi1999 won by checkmate"]

1. e4 e5 2. Nf3 Nc6 3. Nc3 Nf6 4. d4 exd4 5. Nxd4 Bb4 6. Nxc6 bxc6 7. Bd3 d5 8. exd5 O-O 9. O-O cxd5 10. Bg5 c6 11.
Qf3 h6 12. Bxf6 Qxf6 13. Qxf6 gxf6 14. Na4 Bd6 15. Rad1 Rb8 16. b3 Be6 17. Rfe1 Rfd8 18. Be2 Bb4 19. c3 Bf8 20. Bf3 c5 21. c4 dxc4 22.
bxc4 Bxc4 23. Rc1 Rb4 24. Bc6 Bxa2 25. Nxc5 Bxc5 26. Rxc5 Be6 27. Ra5 Rb6 28. Bf3 Rd7 29. h3 Bc4 30. Rc1 Bb5 31. Rb1 a6 32. Bg4 Re7 33. Ra3 Rd6 34. Bf5 Re5 35. Rg3+ Kf8 36. Rf3 Kg7 37. Rc1 Rd4 38. Rg3+ Kf8 39. Rc8+ Ke7 40. Bg4 f5 41. Bf3 Kf6 42. Rgg8 Bd7 43. Ra8 a5 44. Rh8 Re1+ 45. Kh2 a4 46. Rxh6+ Ke7 47.
Rha6 Re6 48. R6a7 Red6 49. Kg3 Kf6 50. Be2 f4+ 51. Kh2 Rd2 52. Bf3 Rxf2 53. Bg4 Bxg4 54.
hxg4 Rdd2 55. Ra6+ Kg7 56. Rxa4 Rxg2+ 57. Kh3 Rh2# 0-1

[Event "*** Titled Tuesday Blitz"]
[Site "Chess.com"]
[Date "2021.02.16"]
[Round "2"]
[White "MariaFominykh"]
[Black "geordie_derraugh"]
[Result "0-1"]
[WhiteElo "2268"]
[BlackElo "2468"]
[TimeControl "180+1"]
[EndTime "10:20:03 PST"]
[Termination "geordie_derraugh won on time"]

1. d4 Nf6 2. c4 e6 3. g3 Bb4+ 4. Bd2 a5 5. Bg2 O-O 6. Qc2 d5 7. Nf3 c5 8. dxc5 d4 9. Bxb4 axb4 10.
O-O Nc6 11. Rd1 e5 12. e3 Bg4 13. h3 Bh5 14. g4 Bg6 15. Qe2 d3 16. Qe1 Qe7 17.
Nh4 e4 18. Nd2 Rae8 19. Nb3 Nd7 20. f4 exf3 21. Bxf3 Nxc5 22. Nxg6 fxg6 23. Bd5+ Kh8 24. Nxc5 Qxc5 25. Rxd3 Ne5 26. Rdd1 Nf3+ 27. Bxf3 Rxf3 28.
Rd3 Rfxe3 29. Rxe3 Rxe3 30. Qf2 Rg3+ 31. Kf1 Qxf2+ 32.
Kxf2 Rxh3 33. Re1 h6 34. Re8+ Kh7 35. Re7 Rh2+ 36. Kf3 Rxb2 37. Rxb7 Rxa2 38. Rxb4 Rc2 39. Ra4 g5 40. Rb4 Rc1 41. Kg3 Rf1 42. Kg2 Rf4 43.
Kg3 Rd4 44. Ra4 Kg6 45. Ra6+ Kf7 46. Rc6 Rd3+ 47. Kf2 Rc3 48. c5 Rc4 49. Rc7+ Ke6 50. Kf3 Rf4+ 51. Kg3 Kf6 52. Rc6+ Kf7 53. Rc7+ Kg6 54.
Rc6+ Rf6 55. Rc7 Rf4 56. c6 Rc4 57. Rc8 h5 58. gxh5+ Kxh5 59. c7 Kg6 0-1

[Event "*** Titled Tuesday Blitz"]
[Site "Chess.com"]
[Date "2021.02.16"]
[Round "2"]
[White "Ali_rastbod"]
[Black "Oleksandr_Bortnyk"]
[Result "0-1"]
[WhiteElo "2576"]
[BlackElo "2929"]
[TimeControl "180+1"]
[EndTime "10:20:05 PST"]
[Termination "Oleksandr_Bortnyk won by resignation"]

1. c4 e5 2. Nf3 Nc6 3. Nc3 Bc5 4. e3 d6 5. d4 Bb6 6. a3 a6 7. c5 dxc5 8. d5 Nce7 9. Nxe5 Nf6 10. Bc4 O-O 11.
O-O Nf5 12. Re1 Qe7 13. f4 Nd6 14. Bd3 Nd7 15. Nc4 Nxc4 16. Bxc4 Ba5 17. e4 b5 18. Bf1 c4 19. e5 Nc5 20. Be3 Nb3 21. Rb1 Bf5 22. g4 Bxb1 23. Qxb1 Rad8 24. Bg2 Qh4 25. h3 Qg3 26. Re2 Bb6 27. Bxb6 cxb6 28. Qe4 Nc5 29. Qf3 Qxf3 30. Bxf3 Nd3 31. f5 Rfe8 32.
e6 Nf4 33. Re5 Nxh3+ 34. Kh2 Nf4 35. Kg3 g5 36. Ne4 Nd3 37. Nf6+ Kh8 38. Re2 Re7 39. Rh2 fxe6 40. fxe6 Nf4 41. Be4 Kg7 42. Nxh7 Nxd5 43.
Nxg5 Kf6 44. Rh6+ Ke5 45. Bf3 Rf8 46. Nf7+ Kd4 47. Rh5 Nc7 48. Rh6 Rxe6 49. Rxe6 Nxe6 50. Nd6 Kd3 51. Nf5 Kc2 52. Be4+ 0-1

[Event "*** Titled Tuesday Blitz"]
[Site "Chess.com"]
[Date "2021.02.16"]
[Round "2"]
[White "AlexSuv"]
[Black "Andrakhanova"]
[Result "1-0"]
[WhiteElo "2453"]
[BlackElo "2245"]
[TimeControl "180+1"]
[EndTime "10:20:06 PST"]
[Termination "AlexSuv won by resignation"]

1. d4 d5 2. c4 e6 3. Nc3 c6 4. e4 dxe4 5. Nxe4 Bb4+ 6. Bd2 Qxd4 7. Bxb4 Qxe4+ 8. Be2 Ne7 9. Nf3 Nd5 10. Ba5 b6 11.
cxd5 bxa5 12. d6 Ba6 13. Rc1 O-O 14. Rc2 Bxe2 15. Rxe2 Qb4+ 16. Rd2 Qe4+ 17. Re2 Qb4+ 18. Rd2 Qe4+ 19. Qe2 Qxe2+ 20. Kxe2 Nd7 21. Rc1 c5 22. Rc3 Rab8 23. Ra3 Rb5 24. b3 Rc8 25. Ra4 f6 26. g4 Kf7 27. h4 h6 28. g5 hxg5 29. hxg5 Nb6 30. Rh4 c4 31. bxc4 Rbc5 32. gxf6 Kxf6 33. Rf4+ Rf5 34. Rxf5+ exf5 35. c5 Rxc5 36. d7 Nxd7 37.
Rxd7 Rc2+ 38. Rd2 Rc5 39. Rd6+ Ke7 40. Rd2 Kf6 41. Nd4 g5 42. Nb3 Re5+ 43. Kf3 g4+ 44.
Kg2 f4 45. Rd4 Kg5 46. Ra4 Re2 47. Rxa5+ Kf6 48. Kf1 Rb2 49. Rxa7 g3 50. fxg3 fxg3 51. Nd4 Ke5 52. Nf3+ Kf4 53. Ne1 Rb1 54. Re7 Ra1 55.
Re2 Kg4 56. Kg2 Kf4 57. Nd3+ Kg4 58. Re4+ Kf5 59. Re2 Kg4 60. Rc2 Kh4 61. Ne5 Re1 62. Nf3+ 1-0

[Event "*** Titled Tuesday Blitz"]
[Site "Chess.com"]
[Date "2021.02.16"]
[Round "2"]
[White "night_player"]
[Black "sakkikuska"]
[Result "0-1"]
[WhiteElo "2162"]
[BlackElo "2484"]
[TimeControl "180+1"]
[EndTime "10:20:08 PST"]
[Termination "sakkikuska won on time"]

1. e4 c5 2. c3 d5 3. exd5 Qxd5 4. d4 Nf6 5. Nf3 e6 6. Be3 cxd4 7. cxd4 Nc6 8. Nc3 Qd7 9. Bd3 Be7 10. O-O h6 11. Rc1 Nd5 12. a3 Nxc3 13. Rxc3 Bf6 14. Bb1 O-O 15. Qd3 g6 16. Bxh6 Rd8 17. Rd1 Nxd4 18. Nxd4 Qxd4 19. Qxd4 Rxd4 20. Rxd4 Bxd4 21. Rc2 e5 22. Rd2 Be6 23. h3 Rc8 24. Kh2 f5 25. Be3 Bxe3 26. fxe3 Kf7 27. Kg3 Rc1 28. Bd3 Ke7 29.
Kf2 b6 30. Ke2 Bb3 31. Bb5 Ke6 32. Bd7+ Ke7 33. Bb5 Bc4+ 34. Bxc4 Rxc4 35. Kd3 Rc1 36.
Re2 Kd6 37. e4 Rg1 38. exf5 gxf5 39. Ke3 Ke6 40. Kf3 Rf1+ 41. Kg3 e4 42. h4 Ke5 43.
Rc2 e3 44. h5 f4+ 45. Kh2 Rf2 46. Rc8 Kf6 47. h6 Kg6 48. Rc6+ Kh7 49. Kg1 Rxb2 50. g3 Rb1+ 51. Kg2 e2 0-1

[Event "*** Titled Tuesday Blitz"]
[Site "Chess.com"]
[Date "2021.02.16"]
[Round "2"]
[White "gross-aleks"]
[Black "exoticprincess"]
[Result "1/2-1/2"]
[WhiteElo "2572"]
[BlackElo "2909"]
[TimeControl "180+1"]
[EndTime "10:20:09 PST"]
[Termination "Game drawn - insufficient material"]

1. c4 c6 2. Nf3 d5 3. e3 Nf6 4. Nc3 g6 5. d4 Bg7 6. cxd5 Nxd5 7. Nxd5 cxd5 8. Bd2 Nc6 9. Be2 O-O 10. O-O Qb6 11. Qb3 Qxb3 12. axb3 Bd7 13. b4 a6 14. b5 axb5 15. Bxb5 Rfc8 16. Bxc6 Bxc6 17. Bb4 Bb5 18. Rxa8 Rxa8 19. Rc1 e6 20. h3 Bf6 21. Rc7 Bd8 22. Rc1 f6 23. Nd2 Kf7 24. Nb3 b6 25. Nd2 Ke8 26.
Nb1 Kd7 27. Na3 Bd3 28. Rc3 Ba6 29. f3 Rc8 30. Rxc8 Kxc8 31. Kf2 Kd7 32. Nb1 h5 33. h4 e5 34. Nc3 Ke6 35. g3 Bd3 36.
f4 e4 37. Kg2 g5 38. Na4 Bc2 39. Nc3 Bd3 40. Na4 Kf5 41. Nc3 Bc4 42. fxg5 fxg5 43.
hxg5 Bxg5 44. Kf2 Kg4 45. Bd6 Kh3 46. Na4 b5 47. Nb6 h4 48. Nxc4 bxc4 49. gxh4 Bxh4+ 50. Ke2 Kg2 51. Be5 Be7 52. Bc7 Bg5 53. Bd6 Kh3 54. Bb4 Kg4 55. Bd2 Kf5 56. Be1 Ke6 57. Bf2 Kd6 58. Kd2 Kc6 59. Kc3 Kb5 60. b3 cxb3 61.
Kxb3 Bh6 62. Kc3 Ka4 63. Kd2 Kb3 64. Ke2 Kc4 65. Bg3 Bg5 66. Bf2 Kb5 67. Bg3 Kc6 68. Bh2 Kd7 69. Bg3 Ke6 70. Bh2 Kf5 71. Bg3 Kg4 72.
Bb8 Be7 73. Bc7 Bb4 74. Bb8 Kf5 75. Bh2 Ba5 76. Bb8 Bb6 77. Bh2 Ke6 78. Bf4 Kd7 79.
Be5 Kc6 80. Bf4 Kb5 81. Bb8 Kc4 82. Bh2 Bxd4 83. exd4 Kxd4 84. Bg1+ e3 85. Bxe3+ Ke4 86. Kd2 d4 87. Bxd4 1/2-1/2

[Event "*** Titled Tuesday Blitz"]
[Site "Chess.com"]
[Date "2021.02.16"]
[Round "2"]
[White "A-Fier"]
[Black "maxip32"]
[Result "1-0"]
[WhiteElo "2806"]
[BlackElo "2503"]
[TimeControl "180+1"]
[EndTime "10:20:09 PST"]
[Termination "A-Fier won on time"]

1. d4 Nf6 2. Bg5 c5 3. Bxf6 gxf6 4. d5 Na6 5. g3 Qb6 6. Qc1 f5 7. Bg2 Bg7 8. c3 Nc7 9. Nh3 Qd6 10. Nf4 b5 11. Na3 a6 12. O-O Bb7 13. Rd1 O-O 14.
Nc2 Bh6 15. Bh3 Bxf4 16. gxf4 Nxd5 17. Bxf5 Qf6 18. e4 Nb6 19. Ne3 Kh8 20. Kf1 e6 21. e5 Qh4 22. Bg4 h5 23. Be2 Qxh2 24. Ke1 Qxf4 25.
Rd6 Bc6 26. Qd2 Rg8 27. Nf1 Qxd2+ 28. Kxd2 Rg5 29. f4 Rf5 30. Ng3 Rxf4 31. Nxh5 Rf5 32.
Rd3 Rxe5 33. Rh3 Kg8 34. Rg1+ Kf8 35. Nf6 Ke7 36. Ng4 Rf5 37. Ne3 Rf6 38. Rg7 Nd5 39.
Ng4 Rg6 40. Rxg6 fxg6 41. Ne5 g5 42. Rh7+ Kd6 43. Nf7+ Kc7 44. Nxg5 Kb6 45. Bf3 Rg8 46.
Nf7 Rg3 47. Bh1 Rg1 48. Rh6 Rf1 49. Ne5 Rf2+ 50. Kc1 Ne3 51. Bxc6 dxc6 52. Rxe6 Rc2+ 53. Kb1 Re2 54. b3 Ng4 55. Nd7+ Kc7 56. Rxe2 Kxd7 57. Kb2 Nf6 58. Rh2 Nd5 59. Rh6 Kc7 60. c4 Ne7 61.
Kc3 Nc8 62. Rh7+ Kb6 63. Rd7 Na7 64. a3 a5 65. a4 b4+ 66. Kd3 Nc8 67. Ke4 Na7 68.
Ke5 Nc8 69. Ke6 Ka6 70. Rd8 Kb7 71. Kd7 Nb6+ 72. Kd6 Nc8+ 73. Kxc5 1-0

[Event "*** Titled Tuesday Blitz"]
[Site "Chess.com"]
[Date "2021.02.16"]
[Round "2"]
[White "Nikolakis2014"]
[Black "ajdemipopushi"]
[Result "1/2-1/2"]
[WhiteElo "2637"]
[BlackElo "2350"]
[TimeControl "180+1"]
[EndTime "10:20:09 PST"]
[Termination "Game drawn by repetition"]

1. Nf3 c5 2. c4 g6 3. d4 Bg7 4. e4 cxd4 5. Nxd4 Nc6 6. Be3 Nf6 7. Nc3 Nxd4 8. Bxd4 Qa5 9. Bd3 d6 10. O-O O-O 11. h3 Be6 12. Qe2 Rfc8 13. Rfd1 a6 14. Rab1 Nd7 15. Bxg7 Kxg7 16. b4 Qc7 17. Qb2 f6 18.
Nd5 Bxd5 19. exd5 a5 20. a3 axb4 21. axb4 Ne5 22. Rbc1 b6 23. Be2 Ra4 24. f4 Nf7 25. Ra1 Rca8 26. Rxa4 Rxa4 27. Re1 Qa7 28. Bf1 Kf8 29.
Kh1 Ra2 30. Qd4 Nh6 31. g4 Nf7 32. Kg1 h6 33. Re2 Rxe2 34. Bxe2 g5 35. Bd3 gxf4 36. Qxf4 Qa1+ 37. Bf1 Qc3 38. b5 Ng5 39. Qf5 Qg3+ 40.
Bg2 Nxh3+ 41. Kf1 Nf4 42. Be4 Qh3+ 43. Kf2 Qh2+ 44. Ke3 Qg3+ 45. Bf3 Kg7 46. Qd7 Ng6 47. Qf5 Qe5+ 48. Kf2 Qxf5 49. gxf5 Ne5 50. Be2 h5 51. Kg3 Kh6 52. Kh4 Nd7 53. Bxh5 Nc5 54. Be2 Ne4 55.
Kg4 Nc5 56. Kf4 Nd7 57. Bf1 Ne5 58. Be2 Nf7 59. Bf3 Ne5 60. Be2 Kg7 61. Bf1 Kh6 62.
Be2 1/2-1/2

[Event "*** Titled Tuesday Blitz"]
[Site "Chess.com"]
[Date "2021.02.16"]
[Round "2"]
[White "northridgehawk"]
[Black "Gahan-MG"]
[Result "0-1"]
[WhiteElo "2342"]
[BlackElo "2637"]
[TimeControl "180+1"]
[EndTime "10:20:09 PST"]
[Termination "Gahan-MG won by checkmate"]

1. e4 Nf6 2. e5 Nd5 3. c4 Nb6 4. d4 d6 5. f4 g6 6. Be3 Bg7 7. Be2 O-O 8. Nc3 dxe5 9. fxe5 c5 10. dxc5 N6d7 11. e6 fxe6 12. Nf3 Nc6 13. O-O Nde5 14. Qxd8 Rxd8 15. Rad1 Bd7 16. Rd2 Be8 17. Rfd1 Rxd2 18. Rxd2 Nxf3+ 19. Bxf3 Bxc3 20. bxc3 Rd8 21. Rxd8 Nxd8 22.
Kf2 Bc6 23. Bg4 Kf7 24. Bf4 Kf6 25. h4 Nf7 26. g3 h6 27. Bb8 a6 28. Ke3 g5 29.
hxg5+ hxg5 30. Bc7 Nh6 31. Bf3 Nf5+ 32. Kf2 Nh6 33. g4 Nf7 34. Bxc6 bxc6 35. Ke3 Nh6 36. Kf3 e5 37. Bb8 e4+ 38. Kxe4 Nxg4 39. Kd3 Ne5+ 40. Kd4 Nd7 41. Bg3 Kf5 42. Bf2 g4 43. Kd3 Kf4 44.
Kc2 Kf3 45. Bg1 g3 46. Kb3 e5 47. Kb4 e4 48. Ka5 e3 49. Bxe3 Kxe3 50. Kxa6 g2 51.
Kb7 Ne5 52. a4 g1=Q 53. a5 Qb1+ 54. Ka7 Nxc4 55. a6 Qb5 56. Ka8 Qxa6+ 57. Kb8 Qb5+ 58. Kc7 Qxc5 59. Kd7 Ne5+ 60. Ke6 Qd5+ 61. Kf5 Nd3+ 62. Kg4 Qe4+ 63. Kg3 Qf4+ 64. Kg2 Qf2+ 65. Kh3 Kf3 66. c4 Qg2+ 67. Kh4 Qg4# 0-1

[Event "*** Titled Tuesday Blitz"]
[Site "Chess.com"]
[Date "2021.02.16"]
[Round "2"]
[White "Galileo22"]
[Black "akanga001"]
[Result "1-0"]
[WhiteElo "2381"]
[BlackElo "1966"]
[TimeControl "180+1"]
[EndTime "10:20:10 PST"]
[Termination "Galileo22 won by resignation"]

1. d4 Nf6 2. Bg5 c5 3. dxc5 Qa5+ 4. Nd2 Qxc5 5. Ngf3 Nc6 6. e3 d5 7. c4 Bf5 8. a3 e6 9. Rc1 Qa5 10. cxd5 exd5 11.
Bxf6 gxf6 12. Qb3 O-O-O 13. Nd4 Bd7 14. Bb5 Qb6 15. Nxc6 bxc6 16. Bxc6 Bxc6 17. Qxb6 axb6 18. Rxc6+ Kb7 19. Rxf6 Rd7 20. Rf4 Bg7 21. b3 Bc3 22. Ke2 d4 23. exd4 Bxd4 24. Nf3 Bc5 25. Re4 f5 26. Re5 f4 27. Re1 Rhd8 28. Kf1 Bxa3 29.
R5e4 Bd6 30. b4 Bc7 31. h3 Rd5 32. Re6 Rb5 33. R6e4 Rbd5 34. Kg1 Kc6 35. Rc1+ Kb7 36. Rce1 Ka6 37. Kh2 Kb5 38. Re7 Bd6 39. Rxh7 Bxb4 40. Rh6 Bxe1 41. Nxe1 Rd2 42. Nf3 Rxf2 43. Rg6 Rd3 44.
Ne5 Rb3 45. h4 f3 46. Rg5 fxg2 47. Ng4+ Ka6 48. Nxf2 Rb2 49. Kxg2 Rb4 50. h5 b5 51. Rg3 Rh4 52. Rh3 Rg4+ 53. Nxg4 b4 54. h6 Ka5 55. Rb3 Ka4 56. Rxb4+ Kxb4 57. h7 1-0

[Event "*** Titled Tuesday Blitz"]
[Site "Chess.com"]
[Date "2021.02.16"]
[Round "2"]
[White "Fandorine"]
[Black "StockholmMissile"]
[Result "1-0"]
[WhiteElo "2846"]
[BlackElo "2517"]
[TimeControl "180+1"]
[EndTime "10:20:11 PST"]
[Termination "Fandorine won by resignation"]

1. c4 e5 2. g3 Nf6 3. Bg2 d5 4. cxd5 Nxd5 5. Nf3 Nc6 6. O-O Nb6 7. b3 Be7 8. Bb2 f6 9. d4 exd4 10. Nxd4 Nxd4 11.
Bxd4 O-O 12. Nc3 c6 13. Ne4 Be6 14. Nc5 Bxc5 15. Bxc5 Qxd1 16. Rfxd1 Rfd8 17. e4 Kf7 18. f3 Nd7 19. Be3 a6 20. h3 Ke8 21. g4 Nf8 22. Kf2 Rxd1 23. Rxd1 Rd8 24. Rxd8+ Kxd8 25. f4 Kd7 26. Ke2 Bg8 27. f5 Ke8 28. h4 Nd7 29. g5 Ne5 30. Bd4 Kd7 31. Bc5 Ke8 32. Ke3 Bf7 33.
Bf1 h6 34. g6 Bg8 35. Be2 Nd7 36. Bd6 Ne5 37. Kd4 Nd7 38. h5 Kd8 39. e5 fxe5+ 40. Bxe5 Nxe5 41. Kxe5 Ke7 42. Bf3 a5 43. Be4 a4 44. bxa4 Bxa2 45. a5 Bc4 46. Kd4 Bb3 47. Kc5 Kd7 48. Bd3 Bd5 49. Be2 Bg8 50. Bg4 Kc7 51.
f6 gxf6 52. Bf5 Kd8 53. Kb6 Ke7 54. Kxb7 Kd6 55. a6 c5 56. a7 Bd5+ 57. Kb8 c4 58. g7 c3 59. a8=Q 1-0

[Event "*** Titled Tuesday Blitz"]
[Site "Chess.com"]
[Date "2021.02.16"]
[Round "2"]
[White "PaulfromSPb"]
[Black "Beca95"]
[Result "1-0"]
[WhiteElo "2591"]
[BlackElo "2904"]
[TimeControl "180+1"]
[EndTime "10:20:12 PST"]
[Termination "PaulfromSPb won on time"]

1. e4 c5 2. Ne2 d6 3. g3 d5 4. Bg2 dxe4 5. Bxe4 Nf6 6. Bg2 Nc6 7.
Nbc3 e6 8. d3 Be7 9. O-O O-O 10.
h3 Nd4 11. Nf4 a6 12. Be3 Rb8 13. Ne4 b6 14. g4 Bb7 15. c3 Nc6 16. Nxf6+ Bxf6 17. Nh5 Be7 18. Bf4 Rc8 19. Qe2 g6 20. Ng3 Bg5 21. Bxg5 Qxg5 22. Ne4 Qf4 23. Qf3 Qxf3 24.
Bxf3 Rc7 25. Rad1 Kg7 26. Nd6 Ba8 27. Nc4 b5 28. Ne3 Rd8 29. Rd2 g5 30. Rfd1 Ne5 31. Bxa8 Rxa8 32. Kg2 Rd8 33. d4 Rcd7 34. d5 Ng6 35.
Kg3 Nf4 36. dxe6 Rxd2 37. Rxd2 Nxe6 38. Rxd8 Nxd8 39. Nd5 Ne6 40. Kf3 c4 41. b4 cxb3 42.
axb3 a5 43. Ke3 a4 44. bxa4 bxa4 45. Kd3 a3 46. Kc2 Nc5 47. f3 f6 48. Ne3 Kf7 49. Nc4 a2 50. Kb2 Na4+ 51. Kxa2 Nxc3+ 52. Kb3 Ne2 53.
Kc2 Ng1 54. Nd2 Nxh3 55. Kd3 Nf4+ 56. Ke4 Ng6 57. Nc4 Ke6 58. Ne3 Ne7 59. Nc2 f5+ 60. Ke3 Ke5 61. Ne1 Nd5+ 62. Kf2 fxg4 63. Nd3+ Kd4 64. Ne1 Nf6 65. Kg3 Ke3 66. fxg4 Ne4+ 67. Kh3 1-0

[Event "*** Titled Tuesday Blitz"]
[Site "Chess.com"]
[Date "2021.02.16"]
[Round "2"]
[White "ENajer77"]
[Black "dpopadic"]
[Result "1-0"]
[WhiteElo "2615"]
[BlackElo "2340"]
[TimeControl "180+1"]
[EndTime "10:20:12 PST"]
[Termination "ENajer77 won by resignation"]

1. d4 Nf6 2. Bg5 d5 3. e3 c5 4. c3 Nc6 5. Nd2 e6 6. f4 cxd4 7. exd4 Be7 8. Bd3 O-O 9. Ngf3 a6 10. Qc2 g6 11. O-O-O b5 12. h4 Qe8 13. h5 Bd7 14.
Ne5 Nxe5 15. fxe5 Ne4 16. Bxe7 Qxe7 17. Bxe4 dxe4 18. Nxe4 f5 19. exf6 Rxf6 20. Nxf6+ Qxf6 21. hxg6 hxg6 22. Rdf1 Qg5+ 23. Qd2 Qxd2+ 24. Kxd2 Kg7 25. Rf4 Bc6 26. Rhf1 Ra7 27. R1f2 a5 28. g3 Bd5 29. a3 Rb7 30. Rh2 b4 31. axb4 axb4 32. Kd3 bxc3 33. bxc3 Rc7 34. Rff2 Bc4+ 35. Ke3 Bd5 36. Rc2 Ra7 37.
c4 Ra3+ 38. Kf4 Rf3+ 39. Ke5 Ba8 40. Kxe6 Rxg3 41. d5 Re3+ 42. Kd6 Rd3 43. Ra2 Bb7 44. Ra7 Rb3 45. Re2 Kf6 46. Re6+ Kf5 47. Re8 Kf4 48.
Rf8+ Kg4 49. Rb8 Rb4 50. Rbxb7 Rxc4 51. Rg7 g5 52. Rac7 Rd4 53. Rge7 Kf3 54. Re5 g4 55. Rf7+ Kg2 56. Ke6 g3 57. d6 Kh1 58. Rh7+ Kg1 59. d7 g2 60. Rg7 Kf1 61. Rf5+ Kg1 62.
Rd5 Re4+ 63. Kf5 Re2 64. d8=Q Kf1 65. Rd1+ Kf2 66. Qd4+ Kf3 67. Rd3+ 1-0

[Event "*** Titled Tuesday Blitz"]
[Site "Chess.com"]
[Date "2021.02.16"]
[Round "2"]
[White "rozabaku"]
[Black "Azde"]
[Result "0-1"]
[WhiteElo "2210"]
[BlackElo "2440"]
[TimeControl "180+1"]
[EndTime "10:20:13 PST"]
[Termination "Azde won by checkmate"]

1. d4 Nf6 2. c4 e6 3. Nc3 Bb4 4. Qc2 O-O 5. Nf3 d5 6. e3 Nbd7 7. a3 Be7 8. b4 a5 9. b5 c6 10. a4 Re8 11. Be2 dxc4 12. Bxc4 c5 13. O-O cxd4 14. Nxd4 Ne5 15. Be2 Bb4 16. Bb2 Bd7 17. Rac1 Rc8 18. Qb3 Qe7 19. Na2 Bd6 20. h3 Ne4 21. Rfd1 Rxc1 22. Rxc1 Nc5 23. Qd1 b6 24. Nf3 Ng6 25. Qd4 e5 26. Qd1 Be6 27. Nc3 Bb3 28.
Qd2 Rd8 29. Qe1 e4 30. Nd4 Qe5 31. g3 Qg5 32. Kh2 h5 33. f4 exf3 34. Nxf3 Qxe3 35.
Nd1 Bxd1 36. Rxd1 h4 37. Kg2 hxg3 38. Qf1 Nf4+ 39. Kxg3 Nxe2+ 40. Kg2 Nf4+ 41. Kh1 Ncd3 42. Bd4 Qe4 43. Qg2 g6 44. Qg4 Qxd4 45. Nxd4 Nf2+ 46.
Kg1 Nxg4 47. hxg4 Bc5 48. Kf2 Bxd4+ 49. Kf3 Ne6 50. Ke4 Kg7 51. Rc1 Rd6 52. Rc6 Rxc6 53. bxc6 Kf6 54. c7 Nxc7 55. Kxd4 Ke6 56. Kc4 f5 57.
gxf5+ gxf5 58. Kd4 Kf6 59. Ke3 Ke5 60. Kd3 f4 61.
Ke2 Ke4 62. Kf2 f3 63. Kf1 b5 64. Ke1 bxa4 65. Kd2 a3 66. Kc3 f2 67. Kc4 f1=Q+ 68.
Kc5 Qc1+ 69. Kd6 Nd5 70. Kd7 Qc7+ 71. Ke8 Qe7# 0-1

[Event "*** Titled Tuesday Blitz"]
[Site "Chess.com"]
[Date "2021.02.16"]
[Round "2"]
[White "KNCP_719"]
[Black "FMOlexandrProhorov"]
[Result "1-0"]
[WhiteElo "2605"]
[BlackElo "2103"]
[TimeControl "180+1"]
[EndTime "10:20:15 PST"]
[Termination "KNCP_719 won on time"]

1. e4 c5 2. Nf3 e6 3. g3 Nc6 4. Bg2 d5 5. exd5 exd5 6. d4 Nf6 7. O-O cxd4 8. Nxd4 Be7 9. Nc3 O-O 10. Bg5 Bg4 11.
Qd2 h6 12. Be3 Ne5 13. b3 Rc8 14. h3 Bb4 15. Ndb5 Bxh3 16. a3 Bxg2 17. Kxg2 Ne4 18. Qxd5 Nxc3 19. Qxe5 Nxb5 20. Qxb5 Bc3 21. Rad1 Qe7 22.
b4 a6 23. Qf5 Rfd8 24. Qf3 Bf6 25. Bc5 Qe6 26. Qxb7 h5 27. Rfe1 Qf5 28. Rxd8+ Rxd8 29. Qe4 Qg5 30. Be3 Qb5 31. Qf3 h4 32. gxh4 Bxh4 33.
Rh1 Bf6 34. Qh5 Kf8 35. Qxb5 axb5 36. Rh8+ Ke7 37. Bc5+ Kd7 38. Rh5 Re8 39. Be3 Kc6 40.
Rc5+ Kd6 41. Rxb5 Ra8 42. Ra5 Rc8 43. Ra6+ Ke5 44. Ra5+ Ke4 45. Rc5 Rh8 46. Rc4+ Kf5 47. a4 Be5 48. a5 Rh2+ 49. Kf3 Rh3+ 50. Ke2 g5 51. a6 Rh8 52. a7 g4 53. b5 Ke6 54. b6 Kd5 55. Rc5+ Kd6 56. b7 Kd7 57. a8=Q Rxa8 58. bxa8=Q Ke6 59. Qc8+ Kf6 60. Rc6+ Kg7 61. Qxg4+ 1-0

[Event "*** Titled Tuesday Blitz"]
[Site "Chess.com"]
[Date "2021.02.16"]
[Round "2"]
[White "Fortitudine"]
[Black "Ranindu2003"]
[Result "1-0"]
[WhiteElo "2340"]
[BlackElo "2573"]
[TimeControl "180+1"]
[EndTime "10:20:15 PST"]
[Termination "Fortitudine won by resignation"]

1. c4 e6 2. Nf3 d5 3. g3 Nf6 4. Bg2 dxc4 5. O-O Be7 6. Na3 O-O 7. Nxc4 c5 8. b3 Nc6 9. Bb2 a6 10. Rc1 Rb8 11. Nfe5 Nb4 12. a3 Nbd5 13. d4 b5 14.
Nc6 Qc7 15. Nxe7+ Qxe7 16. Ne5 Bb7 17. Rxc5 Rfd8 18. e3 b4 19. Qd2 Nf4 20. gxf4 Bxg2 21. Kxg2 Ne4 22. Qc2 Nxc5 23. dxc5 Rdc8 24. axb4 Rxb4 25.
Ba3 Rbb8 26. b4 f6 27. Nf3 g5 28. fxg5 fxg5 29. Rg1 Kh8 30. Qc3+ Kg8 31. Kf1 h6 32. h4 Rf8 33. hxg5 h5 34. Nh4 Qf7 35. Rg2 a5 36. g6 Qd7 37. Nf3 Qd1+ 38. Ne1 axb4 39. Bxb4 Qd5 40. Kg1 Rf5 41. e4 Qxe4 42. Qg3 h4 43. Qxb8+ Kg7 44. Qc7+ Kh6 45. Qd6 h3 46. Qd2+ Kg7 47. Rg3 h2+ 48. Kxh2 Rh5+ 49. Rh3 Qe5+ 50. f4 Rxh3+ 51. Kxh3 Qh5+ 52. Kg3 Qxg6+ 53. Kf2 Qe4 54. Qc3+ Kg6 55. Nf3 Qxf4 56. Qd3+ Kf7 57. Bc3 Qg4 58.
Qd7+ Kg6 59. Qg7+ Kf5 60. Qxg4+ 1-0

[Event "*** Titled Tuesday Blitz"]
[Site "Chess.com"]
[Date "2021.02.16"]
[Round "2"]
[White "Doudou2015"]
[Black "Chessbard1972"]
[Result "1-0"]
[WhiteElo "2064"]
[BlackElo "2369"]
[TimeControl "180+1"]
[EndTime "10:20:15 PST"]
[Termination "Doudou2015 won on time"]

1. Nf3 Nf6 2. g3 g6 3. Bg2 Bg7 4. O-O O-O 5. d3 d5 6. Nbd2 c5 7. e4 Nc6 8. Re1 Qc7 9. h3 Rd8 10. Qe2 b6 11. e5 Ne8 12. Nf1 Bb7 13. Bf4 e6 14. h4 Nd4 15. Nxd4 cxd4 16. Nh2 Rac8 17.
Rac1 h5 18. Nf3 Qd7 19. Nxd4 Qa4 20. c3 Ba6 21. b3 Qd7 22. Nf3 Nc7 23. Qe3 Nb5 24.
d4 Na3 25. Bh6 Bh8 26. Bh3 Rc7 27. Nd2 Rdc8 28. g4 hxg4 29. Bxg4 Nb5 30. Nb1 Qe7 31. h5 Qh4 32. Qf3 gxh5 33. Bh3 Kh7 34. Bf4 Rg8+ 35. Bg3 Qxh3 36. Qd3+ Rg6 37. Re3 h4 38. Rf3 hxg3 39. fxg3 Qh6 40. Rc2 Rd7 41. Rh2 Nc7 42. Rxh6+ Kxh6 43. Qe3+ Kg7 44. Rf4 Kg8 45. Rh4 Bg7 46. Qf4 Ne8 47. Qf3 f5 48. Kf2 Rf7 49. Nd2 Bb5 50.
Nf1 Bxf1 51. Kxf1 b5 52. Ke2 b4 53. Qf4 Nc7 54. Kd3 bxc3 55. Kxc3 Nb5+ 56. Kb2 Nc7 57.
a4 a5 58. Ka3 Na6 59. Qc1 Nb4 60. Qc8+ Bf8 61. Qa8 Nc6+ 62. Ka2 Nb4+ 63. Kb1 Nd3 64. Qxa5 Rxg3 65. Qd2 Rg1+ 66. Ka2 1-0

[Event "*** Titled Tuesday Blitz"]
[Site "Chess.com"]
[Date "2021.02.16"]
[Round "2"]
[White "Rsnr"]
[Black "dragos420"]
[Result "0-1"]
[WhiteElo "2777"]
[BlackElo "2518"]
[TimeControl "180+1"]
[EndTime "10:20:16 PST"]
[Termination "dragos420 won by resignation"]

1. b3 e5 2. Bb2 Nc6 3. e3 Nf6 4. Bb5 Bd6 5. Na3 Be7 6. Bxc6 bxc6 7. Nc4 e4 8. d3 exd3 9. Qxd3 O-O 10. Nf3 Ba6 11. Qc3 Rb8 12. a3 Rb5 13. O-O Rc5 14.
Rfd1 d5 15. Qe5 Qe8 16. Ncd2 Rxc2 17. Rac1 Rxc1 18. Rxc1 Qd7 19. Nd4 Bd6 20. Qf5 c5 21.
Qxd7 Nxd7 22. Nf5 f6 23. e4 d4 24. Nxd6 cxd6 25. f4 Rb8 26. Kf2 Kf7 27. b4 Ke7 28. Ba1 Rc8 29. bxc5 dxc5 30. Nb3 Bb7 31. Kf3 f5 32.
Na5 Bxe4+ 33. Kg3 h6 34. Bxd4 g5 35. fxg5 hxg5 36. Bc3 Rb8 37. Kf2 Rb5 38. a4 Rb6 39. Nc4 Rb3 40. Nd2 Ra3 41. Nxe4 fxe4 42. a5 Ke6 43. Ke3 Nf6 44. Kd2 Nd5 45. Bg7 Rxa5 46. Rc2 e3+ 47. Ke2 Kf5 48. g3 Ke4 49. Rc4+ Kf5 50.
Rc2 g4 51. Bh6 Ra3 52. Rxc5 Ke4 53. Rc4+ Ke5 54. Rc2 Kd4 55. Bg7+ Ke4 56. Rc4+ Kf5 57. Rc2 a5 58. Bd4 Ke4 59. Bc5 Rc3 60. Rxc3 Nxc3+ 61.
Ke1 e2 62. Ba3 Kf3 63. Bb2 Nd5 64.
Bd4 Nb4 0-1